 Dungeon Sprint DCSS version 0.20.1-1-g8b1a95d (webtiles) character file.

113 potatolord6000 the Chopper (level 4, -5/45 HPs)
             Began as a Hill Orc Monk on Sept 11, 2017.
             Was a Believer of Beogh.
             Slain by a glaive of distortion (20 damage)
             ... in the Dungeon (Sprint V: "Ziggurat Sprint").
             The game lasted 00:01:54 (199 turns).

potatolord6000 the Chopper (Hill Orc Monk)           Turns: 199, Time: 00:01:55

Health: -5/45      AC: 22    Str: 26    XL:     4   Next: 96%
Magic:  2/8        EV: -1    Int: 10    God:    Beogh [**....]
Gold:   0          SH: 28    Dex: 13    Spells: 3/3 levels left

rFire    . . .     SeeInvis .   k - +5 broad axe
rCold    . . .     Gourm    .   j - +18 shield of the Gong {rElec rN+ MR+ EV-5}
rNeg     + . .     Faith    .   B - +5 crystal plate armour
rPois    .         Spirit   .   (no helmet)
rElec    +         Reflect  .   b - scarf {repulsion}
rCorr    .         Harm     .   (no gloves)
MR       +....     NoTele   +   (no boots)
Stlth    ..........             (no amulet)
Regen    0.2/turn               n - +6 ring of strength
MPRegen  0.2/turn               o - +6 ring of strength

@: repel missiles
A: no striking features
a: Smiting, Renounce Religion


You were in the Dungeon.
You worshipped Beogh.
Beogh was pleased with you.
You were not hungry.

You visited 1 branch

Inventory:

Hand Weapons
 k - a +5 broad axe (weapon)
Armour
 b - a scarf of repulsion (worn)
 j - the +18 shield of the Gong (worn) {rElec rN+ MR+ EV-5}
   (You found it in the Dungeon)

   It affects your evasion (-5).
   It insulates you from electricity.
   It protects you from negative energy.
   It affects your resistance to hostile enchantments.
 B - a +5 crystal plate armour (worn)
Jewellery
 n - a +6 ring of strength (left hand)
 o - a +6 ring of strength (right hand)
Scrolls
 i - 4 scrolls of blinking
 s - 4 scrolls of amnesia
 t - 3 scrolls of recharging
 u - 7 scrolls of fog
 v - a scroll of holy word
 w - 5 scrolls of identify
 x - 5 scrolls of remove curse
 y - 2 scrolls of fear
Potions
 a - 2 potions of brilliance
 d - 10 potions of curing
 e - 10 potions of heal wounds
 f - 6 potions of haste
 g - 7 potions of magic
 h - 3 potions of berserk rage
 l - 2 potions of invisibility
 m - 4 potions of resistance
 q - 5 potions of agility
 r - 5 potions of might
Comestibles
 c - 5 bread rations
 z - 42 fruits
 A - 4 meat rations


   Skills:
 + Level 6.6 Fighting
 + Level 7.4 Axes
 + Level 5.0 Armour
 - Level 2.4 Dodging
 - Level 1.5 Stealth
 + Level 5.0 Shields
 + Level 5.9 Invocations


You had 3 spell levels left.
You didn't know any spells.

Dungeon Overview and Level Annotations

Branches:
Dungeon (1/1)

Altars:
Ashenzari
Cheibriados
Dithmenos
Elyvilon
Fedhas
Gozag
Hepliaklqana
Kikubaaqudgha
Makhleb
Nemelex Xobeh
Okawaru
Qazlal
Ru
Sif Muna
Trog
Uskayaw
Vehumet
Xom
Yredelemnul
Zin
The Shining One
Beogh
Jiyva
Lugonu

Annotations:
D 1 transporter


Message History

The glaive of distortion hits you! Space bends around you.
You block the deep elf knight's attack.
BONNNG!
You block the earth elemental's attack.
BOUMMMMG!
The glaive of distortion hits you!!
You miss the glaive of distortion.
You hit the earth elemental but do no damage.
The deep elf knight blocks your attack. You block the deep elf knight's attack.
GONNNNG!
You block the glaive of distortion's attack.
GONNNNG!
Unknown command.
You miss the glaive of distortion. You closely miss the deep elf knight.
You hit the earth elemental. You block the earth elemental's attack.
BONNNG!
You block the deep elf knight's attack.
GONNNNG!
The glaive of distortion hits you!!
You die...

▓▓▓▓▓▓▓▓▓▓▓▓▓
▓.8©8.▓.8©8.▓
▓.:[:.▓.....▓
▓.....▓.|...▓
▓.....▓.....▓
▓.E(e.▓..††.▓
▓..@..▓.....▓
▓.....▓▓▓▓▓▓▓
▓▓▓▓▓▓▓


You could see a deep elf knight, an earth elemental and a glaive of distortion.

Vanquished Creatures
  A water moccasin (D)
  A ball python (D)
2 creatures vanquished.

Notes
Turn   | Place    | Note
-------+----------+-------------------------------------------
     0 | D        | potatolord6000 the Hill Orc Monk began the quest for the Orb.
     0 | D        | Reached XP level 1. HP: 19/19 MP: 1/1
     0 | D        | Found a deep blue altar of Sif Muna.
     0 | D        | Found a bloodstained altar of Trog.
     0 | D        | Found a sacrificial altar of Ru.
     0 | D        | Found a stormy altar of Qazlal.
     0 | D        | Found an iron altar of Okawaru.
     2 | D        | Found a sparkling altar of Nemelex Xobeh.
     3 | D        | Found an ancient bone altar of Kikubaaqudgha.
     3 | D        | Found a transporter.
     3 | D        | Found a corrupted altar of Lugonu.
     3 | D        | Found a viscous altar of Jiyva.
     3 | D        | Found a burning altar of Makhleb.
     3 | D        | Found a hazy altar of Hepliaklqana.
     3 | D        | Found an opulent altar of Gozag.
    30 | D        | Found a blossoming altar of Fedhas.
   103 | D        | Became a worshipper of Beogh the Brigand
   103 | D        | Reached * piety under Beogh
   103 | D        | Reached ** piety under Beogh
   128 | D        | Entered arena 2.
   128 | D        | Noticed a water moccasin
   128 | D        | Found a transporter.
   129 | D        | Reached skill level 5 in Fighting
   129 | D        | Reached skill level 5 in Axes
   129 | D        | Reached XP level 2. HP: 29/29 MP: 1/5
   138 | D        | Killed a water moccasin
   138 | D        | Reached skill level 7 in Axes
   138 | D        | Reached skill level 5 in Armour
   138 | D        | Reached skill level 5 in Shields
   138 | D        | Reached skill level 5 in Invocations
   138 | D        | Reached XP level 3. HP: 32/38 MP: 2/7
   138 | D        | Reached XP level 4. HP: 38/45 MP: 2/8
   193 | D        | Entered arena 3.
   193 | D        | Noticed an earth elemental
   193 | D        | Noticed a glaive of distortion
   193 | D        | Noticed a deep elf knight
   193 | D        | Found a transporter.
   199 | D        | Slain by a glaive of distortion

Skill      XL: |  1  2 |
---------------+-------+-----
Fighting       | 5 6 |  6.6
Axes           | 5 7 |  7.4
Armour         | 3 5 |  5.0
Shields        | 3 5 |  5.0
Invocations    | 4 5 |  5.9
Dodging        | |  2.4
Stealth        | |  1.5

Action                   |  1- 3 |  4- 6 || total
-------------------------+-------+-------++-------
Melee: Broad axe         |     9 |     3 ||    12
Invok: Smiting           |       |     2 ||     2
  Use: Potion            |     1 |       ||     1
Armor: Crystal plate arm |     4 |       ||     4
Block: Shield            |    14 |     8 ||    22
